[Event "SixDays Budapest GM-B May 2024"]
[Site "Budapest"]
[Date "2024.05.16"]
[Round "1.1"]
[White "Lamard, Guillaume"]
[Black "Jinan Jomon"]
[Result "1-0"]
[ECO "A40"]
[WhiteElo "2504"]
[BlackElo "2380"]
[Annotator "TA"]
[PlyCount "99"]
[EventDate "2024.05.15"]
[EventType "tourn"]
[EventCountry "HUN"]
[SourceTitle "playchess.com"]
[Source "ChessBase"]
[SourceQuality "1"]
[TimeControl "40/5400+30:1800+30"]

1. d4 Nf6 2. c4 e6 3. g3 Bb4+ 4. Nd2 O-O 5. Bg2 d5 6. Ngf3 b6 7. O-O Bb7 8. Ne5 Be7 9. b3 c5 10. dxc5 bxc5 11. Bb2 Nbd7 {[%emt 0:12:10] White is slightly better.} 12. e3 Nxe5 13. Bxe5 Nd7 14. Bb2 Bf6 15. Qc2 Qb6 16. Rac1 Rac8 17. Rfd1 Ne5 18. cxd5 exd5 19. Bxe5 Bxe5 20. e4 d4 (20... Bd4 $11) 21. Nc4 Qe6 22. f4 Bc7 23. e5 Ba6 24. Be4 Bxc4 25. bxc4 (25. Bxh7+ Kh8 26. bxc4 g6 $11) 25... g6 {[%emt 0:00:31] Black is weak on the light squares} 26. Bd5 Qe7 27. Re1 Kh8 28. Rb1 Rb8 29. Kg2 Rg8 30. h4 Ba5 31. Rh1 {[%emt 0:01:18] White is more active.} Bc3 (31... Rb6 $14) 32. Qe4 (32. h5 $18 {and White stays clearly on top.} Rxb1 33. Rxb1 (33. Qxb1 g5 $11) 33... gxh5 34. Rb7) 32... Rgf8 (32... Rb6 $16 {was necessary.} 33. Rxb6 axb6) 33. Kf3 (33. Rxb8 $18 Rxb8 34. h5) 33... f5 $14 34. Qc2 h5 35. Rb3 {[%emt 0:03:21] [#] Black must now prevent Rhb1.} Rb6 36. Rhb1 {[%emt 0:01:06][%cal Bh1b1,Bb1b3,Bb3a3][%mdl 32] Some like it hot} (36. Kg2 {simplifies} Qd7 37. Rxb6 axb6 38. Rb1) 36... Rfb8 37. Rxb6 axb6 38. Qa4 {[%emt 0:00:25] Qc6 would now be deadly.} Kg7 39. Rb3 (39. Qc6 {keeps more tension.} Ba5 40. Ke2 Re8 41. Kf2) 39... Qc7 40. Ra3 Ba5 41. Qb5 Kf8 42. Qa6 {[%emt 0:00:35][%cal Oa3a5] Hoping for Rxa5!} Bb4 (42... Kg7 $14) 43. Qa7 $18 Rb7 (43... Rc8 $18) 44. Bxb7 ({And not} 44. Qxb7 Qxb7 45. Bxb7 Bxa3 $11) 44... Bxa3 {[%emt 0:00:02] KQB-KQB} 45. Qa8+ Kg7 46. Bd5 Bb2 47. Qg8+ Kh6 48. Qh8+ Qh7 49. Qxh7+ Kxh7 {[%emt 0:00:02] [#]} 50. e6 $1 {[%emt 0:00:05] Weighted Error Value: White=0.09 (flawless) /Black=0.34.  Loses game:     	---       	Black=1      Mistake:       	White=2     	Black=4      Inaccurate:     	White=2     	Black=2      OK:         	White=15    	Black=20     Best:        	White=2     	Black=1} 1-0

[Event "SixDays Budapest GM-B May 2024"]
[Site "Budapest"]
[Date "2024.05.16"]
[Round "1.2"]
[White "Borgaonkar Akshay"]
[Black "Krishnan, Ritvik"]
[Result "1/2-1/2"]
[ECO "C11"]
[WhiteElo "2374"]
[BlackElo "2298"]
[Annotator "TA"]
[PlyCount "88"]
[EventDate "2024.05.15"]
[EventType "tourn"]
[EventCountry "HUN"]
[SourceTitle "playchess.com"]
[Source "ChessBase"]
[SourceQuality "1"]
[TimeControl "40/5400+30:1800+30"]

1. e4 e6 2. d4 d5 3. Nc3 Nf6 4. Bg5 dxe4 5. Nxe4 Be7 6. Bxf6 gxf6 7. Nf3 f5 8. Nc3 a6 9. g3 b5 10. Bg2 Bb7 {[%emt 0:00:07][%cal Bc8b7,Bb7c6,Bc6g2][%mdl 32] White has an edge.} 11. O-O {[%emt 0:00:42][%cal Od4d5] Black should prevent d5!} O-O 12. Qe2 b4 13. Na4 Nd7 (13... Bc6 $1 $11 14. Nc5 Bxc5 15. dxc5 Nd7) 14. Rad1 Qe8 (14... Bc6 $11 {was preferrable.} 15. Nc5 Nxc5 16. dxc5 Qe8) 15. Rfe1 Bc6 {[%emt 0:15:33] [#]} 16. Nc5 Nxc5 $11 17. dxc5 Bxc5 18. Qc4 Be7 19. Ng5 Bxg2 {[%emt 0:00:09] This pair of bishops is nice.} 20. Qh4 {[%emt 0:00:08][%csl Gg5][%cal Rh4h7] [#]} Bxg5 21. Qxg5+ Kh8 {[%emt 0:00:04] Threatens to win with ...f6.} 22. Qf6+ Kg8 23. Kxg2 {[%emt 0:01:58] Hoping for Rd4.} Rd8 24. Kg1 Rd6 25. Rxd6 cxd6 {[%emt 0:00:01][%mdl 4096] Endgame. KQR-KQR} 26. Qg5+ Kh8 27. Rd1 d5 28. Qf6+ Kg8 29. Rd4 {[%emt 0:00:15][%cal Od4h4] Rh4! would now be deadly.} Qd8 $1 30. Qxd8 Rxd8 31. Rxb4 {[%emt 0:00:07] KR-KR} Rc8 32. c3 Rc6 (32... a5 $11 33. Ra4 Rb8) 33. f4 (33. Kf1 $16) 33... Kg7 (33... a5 $11 {is more appropriate.} 34. Ra4 Rb6) 34. Kf2 $1 $14 a5 35. Rb5 a4 {[%emt 0:00:14] The position is equal.} 36. a3 d4 37. cxd4 Rc2+ 38. Kg1 Rc1+ 39. Kg2 Rc2+ 40. Kh3 Rd2 41. Rb4 Kf6 42. Rxa4 {[%emt 0:01:15] Rb4 is the strong threat.} Rxb2 43. Rc4 Rd2 44. a4 Ra2 {Weighted Error Value: White=0.08 (flawless) /Black=0.10 (very precise) .  Mistake:       	White=2     	Black=4      Inaccurate:     	White=2     	---        OK:         	White=21    	Black=14     Best:        	White=1     	Black=4      Strong:       	White=1     	Black=1} 1/2-1/2

[Event "SixDays Budapest GM-B May 2024"]
[Site "Budapest"]
[Date "2024.05.16"]
[Round "1.3"]
[White "Horvath, Adam"]
[Black "Palczert, Matyas"]
[Result "0-1"]
[ECO "C47"]
[WhiteElo "2448"]
[BlackElo "2333"]
[Annotator "TA"]
[PlyCount "80"]
[EventDate "2024.05.15"]
[EventType "tourn"]
[EventCountry "HUN"]
[SourceTitle "playchess.com"]
[Source "ChessBase"]
[SourceQuality "1"]
[TimeControl "40/5400+30:1800+30"]

1. e4 e5 2. Nf3 Nc6 3. Nc3 Nf6 4. a4 Bb4 5. Bd3 O-O 6. O-O Re8 7. Re1 h6 8. Nd5 {[%emt 0:13:26] The position is equal.} Bf8 9. c3 d6 10. Bc4 Nxd5 11. exd5 e4 12. dxc6 exf3 13. Bd5 Rb8 14. Bxf3 Rxe1+ 15. Qxe1 bxc6 16. Bxc6 d5 {[%emt 0:02:17] [#] ...Rb6 is the strong threat.} 17. Qe8 (17. b4 $1 $16) 17... Qxe8 $11 18. Bxe8 c5 19. Bc6 Be6 20. a5 a6 21. d3 Bd6 22. Kf1 Kf8 23. h4 Ke7 24. Ba4 Bf5 25. Ke2 Kf6 26. Bc6 c4 27. dxc4 dxc4 28. Kf3 g5 29. hxg5+ hxg5 30. g4 Bd3 (30... Be6 $1 $11) 31. Be4 $16 Be5 $2 (31... Ke6 $16 {might work better.} 32. Ra2 (32. Bxg5 Rxb2 33. Re1 Be5 $11) 32... Bxe4+ 33. Kxe4 Rb5) 32. Bxd3 $18 cxd3 {[%emt 0:00:02][%mdl 4096] Endgame. KRB-KRB} 33. Ke3 (33. Ke4 $18 {is the narrow road to win.}) 33... Rd8 $19 34. Bd2 $2 (34. b4 d2 (34... Bxc3 35. Ra2 $17) 35. Bxd2 Bf4+ 36. Ke4 Bxd2 (36... Rxd2 37. b5 $19) 37. Rd1) 34... Bf4+ 35. Ke4 Bxd2 36. Rd1 {[%emt 0:00:02] [#]} Be1 $1 37. f3 (37. b3 Bxc3) 37... d2 38. f4 gxf4 {[%emt 0:00:24] Black mates.} 39. Kxf4 Rb8 40. b4 Rc8 {[%emt 0:00:13] Weighted Error Value: White=0.66/Black=0.21 (precise) .  Loses game:     	---       	Black=1      Missed win:     	White=1     	---        Mistake:       	White=2     	Black=1      Inaccurate:     	White=2     	Black=4      OK:         	White=14    	Black=8      Best:        	White=2     	Black=4} 0-1

[Event "SixDays Budapest GM-B May 2024"]
[Site "Budapest"]
[Date "2024.05.16"]
[Round "1.4"]
[White "Lu, Maximillian"]
[Black "Stefansson, Vignir Vatnar"]
[Result "0-1"]
[ECO "D35"]
[WhiteElo "2373"]
[BlackElo "2463"]
[Annotator "TA"]
[PlyCount "88"]
[EventDate "2024.05.15"]
[EventType "tourn"]
[EventCountry "HUN"]
[SourceTitle "playchess.com"]
[Source "ChessBase"]
[SourceQuality "1"]
[TimeControl "40/5400+30:1800+30"]

1. c4 e6 2. Nc3 d5 3. d4 Nf6 4. cxd5 exd5 5. Bg5 c6 6. e3 h6 7. Bh4 Be7 8. Bd3 O-O 9. Nge2 Ne8 10. Bg3 Nd6 11. Qc2 {[%emt 0:02:09] White has an edge.} Re8 12. O-O Bf8 13. Rae1 a5 14. Nc1 Na6 15. a3 {[%emt 0:00:07] Prevents Nb4.} Bd7 16. Nb3 b5 17. Nd2 b4 18. Ncb1 Qb6 19. Nf3 (19. Rc1 $11 {remains equal.}) 19... c5 $17 20. Bxa6 Qxa6 21. Bxd6 Bxd6 ({Don't play} 21... Qxd6 22. dxc5 Qxc5 23. Qxc5 Bxc5 24. Rd1 $17) 22. dxc5 Rac8 {[%emt 0:00:30] And now ...Bb5 would win.} 23. Qd2 Bxc5 {[%emt 0:00:44] Threatens to win with ...Bb5. Black has more active pieces. White is weak on the light squares} 24. Rc1 Bb5 25. Rfe1 Bd3 26. axb4 axb4 27. Qd1 Bb6 (27... Be7 $17 {...Rxc1 would now be deadly.} 28. Qb3 Bc4) 28. Rxc8 $15 Rxc8 29. Ne5 Be4 $36 {[%emt 0:00:25][%mdl 2048] Strongly threatening ...Qa2. Black has the initiative. This pair of bishops is nice.} 30. Nd2 Bc2 31. Qf3 (31. Qg4 $1 $11) 31... Qb7 32. Rc1 ({Better is} 32. Qg4 $15) 32... Rc7 (32... Bd8 $1 $17 {...Bf6 is the strong threat.} 33. Qf4 Bf6) 33. h4 b3 34. Ra1 $2 (34. Qf4 $11 {and White is okay.}) 34... Re7 $1 $19 35. Ng4 f5 36. Nh2 {[%emt 0:00:20] [#]} d4 (36... Bc7 $1 $19 {[%cal Rc7e5] Hoping for ...Be5.} 37. Qe2 Be5) 37. Qxb7 $15 Rxb7 38. Ra8+ (38. Nhf1 $15) 38... Kh7 $17 39. Nc4 dxe3 40. fxe3 {[%emt 0:00:08] [#]} Ba7 $1 {[%emt 0:01:02] White must now prevent ...Bd3.} 41. Kf2 $2 (41. Nf1 $17 {was worth a try.}) 41... Rc7 $19 42. Nd6 (42. Nd2 {is the only way for White.}) 42... f4 43. Ng4 Bd1 44. Rc8 $2 (44. Rxa7 $19 Rxa7 45. Ne5) 44... Rc2+ {[%emt 0:01:51] Weighted Error Value: White=0.42/Black=0.16 (very precise) .  Loses game:     	White=1     	---        Mistake:       	White=7     	Black=3      Inaccurate:     	White=1     	---        OK:         	White=13    	Black=15     Best:        	White=4     	Black=4      Strong:       	---       	Black=2} 0-1

[Event "SixDays Budapest GM-B May 2024"]
[Site "Budapest"]
[Date "2024.05.16"]
[Round "1.5"]
[White "Fodor, Tamas Jr."]
[Black "Kuru, Atilla"]
[Result "1-0"]
[ECO "D10"]
[WhiteElo "2486"]
[BlackElo "2313"]
[Annotator "TA"]
[PlyCount "105"]
[EventDate "2024.05.15"]
[EventType "tourn"]
[EventCountry "HUN"]
[SourceTitle "playchess.com"]
[Source "ChessBase"]
[SourceQuality "1"]
[TimeControl "40/5400+30:1800+30"]

1. d4 d5 2. c4 c6 3. Nc3 dxc4 4. e3 b5 5. a4 b4 6. Ne4 Qd5 7. Nd2 c3 8. bxc3 {[%emt 0:00:05] White is slightly better.} bxc3 9. Nb1 Qa5 10. Qc2 Na6 {[%emt 0:01:25] Strongly threatening ...Nb4.} 11. Qxc3 (11. Nxc3 Nb4 12. Qb1 Rb8 $14 (12... Nd5 13. Bd2 $16)) 11... Nb4 {[%emt 0:00:34] White must now prevent ...Nc2+.} 12. Bd2 e6 13. Nf3 Nf6 14. Bc4 Bd6 15. O-O O-O 16. Qc1 Qf5 17. a5 c5 18. Bxb4 cxb4 19. Nbd2 Bb7 {[%emt 0:01:29] Dodges e4} 20. Qb1 Qxb1 21. Rfxb1 Rfc8 22. Ne5 Ne4 23. a6 $1 Bd5 {[%emt 0:00:09] A strong pair of Bishops.} 24. Nxe4 Bxe4 25. Bd3 Bxd3 26. Nxd3 Rab8 27. Rb3 Rc3 28. Rxc3 bxc3 $11 {[%emt 0:00:09][%mdl 4096] Endgame. KRB-KRN} 29. Kf1 c2 {[%emt 0:03:07] ...Rb1+ is the strong threat.} (29... Bxh2 30. g3 $18) 30. Rc1 Rb6 (30... Rb1 $11 {keeps the balance.} 31. Ke2 Rb6 (31... Bxh2 32. Rxc2 g6 33. Rc8+ Kg7 34. Ra8 $18) (31... Rxc1 32. Nxc1 Bxh2 33. f4 $11)) 31. Rxc2 $16 {[%emt 0:00:49] Threatens to win with Rc8+.} Rxa6 (31... f6 $14) 32. Rc8+ Bf8 33. Nc5 Rd6 34. Ra8 {[%emt 0:02:14] White is more active.} Rd5 35. Ke2 g6 36. Kd3 $1 ({Much worse is} 36. Rxa7 $6 Bxc5 37. dxc5 Rxc5 $11) 36... Kg7 {[%emt 0:01:13] [#]} 37. Kc4 Rg5 $2 {[%emt 0:04:40] [#] Loses the game.} (37... a5 $16 {was necessary.} 38. Rxa5 Rh5) 38. g3 $1 $18 (38. Rxa7 Rxg2 39. Nxe6+ Kg8 40. Nxf8 Kxf8 $11) 38... Rh5 39. h4 g5 40. hxg5 Rxg5 41. Rxa7 Kg6 (41... Bxc5 42. dxc5 Rf5 43. Ra2 $18) (41... Rg6 $142 42. Ne4 h5) 42. Nd3 Bd6 {[%emt 0:01:54] Inhibits Ne5+.} (42... Kg7 $142 43. e4 Kg8) 43. e4 {[%emt 0:00:53][%cal Be3e4,Be4e5][%mdl 32] And now e5 would win.} Rg4 (43... Kg7 $142 44. Rd7 Bf8) 44. e5 Bf8 45. Nf4+ Rxf4 46. gxf4 {[%emt 0:00:05] KR-KB} Bh6 47. d5 {[%emt 0:00:50] White threatens d6 and mate.} exd5+ 48. Kxd5 {[%emt 0:00:05] White mates.} Bxf4 49. Ke4 Bc1 50. f4 f5+ 51. Kf3 h5 52. Ra6+ Kg7 53. Rf6 {[%emt 0:00:04] Weighted Error Value: White=0.07 (flawless) /Black=0.34.  Mistake:       	---       	Black=6      Inaccurate:     	White=2     	Black=2      OK:         	White=19    	Black=11     Best:        	White=3     	Black=2      Strong:       	White=3     	---} 1-0